 Dungeon Crawl Stone Soup version 0.13.1 (webtiles) character file.

71004 Lilouch the Arsonist (level 14, -11/99 HPs)
             Began as a Mummy Fire Elementalist on Nov 27, 2013.
             Was a High Priest of Vehumet.
             Killed from afar by Nikola (56 damage)
             ... with a bolt of lightning
             ... on Level 1 of the Snake Pit on Nov 28, 2013.
             The game lasted 05:53:39 (45874 turns).

Lilouch the Arsonist (Mummy Fire Elementalist)     Turns: 45874, Time: 05:53:39

HP -11/99        AC 12     Str 15      XL: 14   Next: 85%
MP  24/32        EV 10     Int 17      God: Vehumet [*****.]
Gold 2766        SH 22     Dex 12      Spells: 12 memorised,  4 levels left

Res.Fire  : . . .   See Invis. : .   B - +1 falchion (protect)
Res.Cold  : + . .   Warding    : .   C - +2 animal skin {rF+}
Life Prot.: + + +   Conserve   : +   K - +1 shield
Res.Poison: +       Res.Corr.  : .   I - +1 wizard hat "Acil" {Acc+5}
Res.Elec. : .       Clarity    : .   E - +0 cloak (curse)
Sust.Abil.: . .     Spirit.Shd : .   R - +0 pair of gloves
Res.Mut.  : .       Stasis     : .   (no boots)
Res.Rott. : +       Flight     : .   r - amulet of conservation
Saprovore : . . .                    x - ring of flight
                                     J - +3 ring of strength

@: delayed fireball, quick, quite resistant to hostile enchantments, very
unstealthy
A: no food or potions, fire vulnerability, in touch with death, restore body,
cold resistance 1, life protection 3, poison resistance, torment resistance,
unbreathing
a: Self-Restoration, Renounce Religion, Release Delayed Fireball, Evoke Flight


You were on level 1 of the Snake Pit.
You worshipped Vehumet.
Vehumet was extremely pleased with you.
You were not hungry.

You visited 7 branches of the dungeon, and saw 27 of its levels.
You also visited: Volcano.

You collected 2746 gold pieces.

Inventory:

Hand weapons
 y - a -1,+0 orcish crossbow
 B - a +1,+1 falchion of protection (weapon)
 L - a +0 blowgun
Missiles
 h - 84 poisoned needles
 m - 7 curare-tipped needles
 z - 63 bolts
 W - 16 bolts of frost
Armour
 C - a +2 animal skin of fire resistance (worn)
 E - a cursed +0 cloak (worn)
 I - the +1 wizard hat "Acil" (worn) {Acc+5}
   (You found it on level 11 of the Dungeon)

   It affects your accuracy (+5).
 K - a +1 shield (worn)
 R - a +0 pair of gloves (worn)
 Y - a +1 leather armour of fire resistance
Magical devices
 i - a wand of fireball (4)
 l - a wand of disintegration (3)
 q - a wand of cold (4)
 D - a wand of teleportation (6)
 G - a wand of lightning (3)
 N - a wand of enslavement (4)
 Q - a wand of draining (3)
 T - a wand of fire (5)
 U - a wand of confusion (14)
 Z - a wand of polymorph (10) {unknown}
Scrolls
 c - a scroll of remove curse
 d - a scroll of identify
 e - 5 scrolls of fog
 g - 4 scrolls of teleportation
 n - 3 scrolls of magic mapping
 P - 3 scrolls of blinking
Jewellery
 a - an uncursed ring of protection from cold
 r - an amulet of conservation (around neck)
 x - a ring of flight (right hand)
 J - a +3 ring of strength (left hand)
 V - an uncursed amulet of resist mutation
Magical staves
 H - an uncursed staff of conjuration
Miscellaneous
 j - a disc of storms
 w - a lamp of fire
 X - a phial of floods


   Skills:
 + Level 8.2 Fighting
 - Level 4.0 Armour
 - Level 1.5 Dodging
 - Level 1.5 Stealth
 - Level 8.4 Shields
 + Level 11.6 Spellcasting
 + Level 9.8 Conjurations
 + Level 11.6 Fire Magic
 + Level 6.5 Air Magic


You had 4 spell levels left.
You knew the following spells:

 Your Spells              Type           Power        Failure   Level  Hunger
a - Flame Tongue          Conj/Fire      #####        1%          1    N/A
b - Conjure Flame         Conj/Fire      #####...     1%          3    N/A
c - Throw Flame           Conj/Fire      #####.       1%          2    N/A
d - Sticky Flame          Conj/Fire      #####...     1%          4    N/A
e - Shock                 Conj/Air       ####         1%          1    N/A
f - Fireball              Conj/Fire      #####.....   1%          5    N/A
g - Static Discharge      Conj/Air       #####...     1%          3    N/A
h - Mephitic Cloud        Conj/Pois/Air  ####....     1%          3    N/A
i - Apportation           Tloc           #.........   14%         1    N/A
j - Swiftness             Chrm/Air       ###.......   6%          2    N/A
k - Bolt of Magma         Conj/Fire/Erth ####......   4%          5    N/A
l - Delayed Fireball      Conj/Fire      N/A          52%         7    N/A

Dungeon Overview and Level Annotations

Branches:
Dungeon (11/27)            Temple (1/1) D:4             Orc (4/4) D:7
    Elf (0/3) Orc:4          Lair (8/8) D:8           Swamp (1/5) Lair:3
  Snake (1/5) Lair:6        Slime (1/6) Lair:7

Altars:
Ashenzari
Cheibriados
Elyvilon
Fedhas
Kikubaaqudgha
Makhleb
Nemelex Xobeh
Okawaru
Sif Muna
Trog
Vehumet
Xom
Yredelemnul
Zin
the Shining One
Beogh
Jiyva

Shops:
D:8 %   Orc:1 (   Orc:4 [[([

Annotations:
Orc:4 Saint Roka
Snake:1 Nikola


Innate Abilities, Weirdness & Mutations

You do not eat or drink.
Your flesh is vulnerable to fire.
You are in touch with the powers of death.
You can restore your body by infusing magical energy.
Your flesh is cold resistant.
You are immune to negative energy.
Your system is resistant to poisons.
You are immune to unholy pain and torment.
You can survive without breathing.


Message History

You feel quick.
Nikola burns!
Nikola casts a spell.
You hear a mighty clap of thunder!
The lightning arc hits you!
The lightning arc hits Nikola.
The lightning arc hits you!
The lightning arc hits Nikola.
The lightning arc hits you!
Casting: Swiftness
Confirm with . or Enter, or press ? or * to list all spells.
Aiming: Mephitic Cloud
Press: ? - help, Shift-Dir - straight line, f/p - Nikola
Aim: Nikola, wielding a sabre of electrocution, wearing an embroidered cloak and wearing a pair of gauntlets (lightly wounded, covered in liquid flames)
The beam explodes into a vile cloud!
The stinking cloud engulfs Nikola.
Nikola is lightly wounded.
The stinking cloud engulfs you!
Nikola burns!
You block Nikola's attack.
Nikola burns!
Nikola burns!
Nikola gestures at you while chanting. The bolt of lightning hits you!
Ouch! That really hurt!
You die...

#.......#
#..........#
#.......#
#......<...#
#.......#
#..........#
#.......#
#####.######
#####.###
#.## #..#
#..#
#####'###
##'#
#..>....#
#.......#
#..(.@..#
#.......#
#.......#
+.......#
#...§§§.#
#....%.)#
#...§@§.#
#.?.....)
#...§§§.#
#.......#.
+.......+
.).....##
#.......#
...
#.......#
#.......#


You could see Nikola (burning).

Vanquished Creatures
  3 hydras
  9 death yaks
  A deep troll shaman (Lair:8)
  An orc high priest (Orc:4)
  A catoblepas (Lair:8)
  The ghost of letownia the Cleaver, an experienced MiWr of Trog (D:7)
  Erolcha (Orc:1)
  4 hill giants
  An oklob plant (Lair:1)
  Joseph (Orc:1)
  3 orc knights (Orc:3)
  2 orc sorcerers
  19 elephants
  4 griffons
  A cyclops (D:11)
  3 black mambas
  17 spiny frogs
  An item mimic (Lair:7)
  3 feature mimics
  3 fire drakes
  A troll (D:11)
  8 komodo dragons
  Grinder (D:6)
  A naga mage (Snake:1)
  3 giant leeches (Lair:3)
  7 blink frogs
  A polar bear (Lair:3)
  A baby alligator (Swamp:1)
  Psyche (D:9)
  2 grizzly bears (Lair:8)
  6 basilisks
  56 yaks
  6 hippogriffs
  Eustachio (Orc:2)
  2 deep elf magi (D:11)
  2 elephant slugs
  A wraith (D:11)
  Grum (D:11)
  A hill giant skeleton (D:11)
  4 wyverns
  2 hungry ghosts
  4 vampire mosquitoes (Lair:6)
  Edmund (D:9)
  A manticore (D:11)
  A deep elf fighter (Orc:4)
  20 wolves
  4 nagas
  A swamp drake (D:11)
  3 ice beasts
  A giant goldfish (Lair:3)
  31 orc warriors
  A black bear (Lair:8)
  12 porcupines
  4 phantoms
  8 ogres
  9 crocodiles
  5 wargs
  The ghost of Piginabag the Insei, an average TeMo (D:3)
  4 centaurs
  7 giant slugs
  A big kobold (D:9)
  Blork the orc (Orc:1)
  20 water moccasins
  A wyvern zombie (D:11)
  20 giant frogs
  11 agate snails
  3 jellyfish
  A troll zombie (D:10)
  8 wights
  4 lava fish (Lair:8)
  A hippogriff skeleton (D:9)
  A quasit (D:9)
  9 hounds
  5 crimson imps
  5 goliath beetles
  25 orc priests
  2 big fish (Lair:1)
  2 giant frog skeletons
  An iron imp (D:11)
  5 lava snakes
  2 electric eels (Lair:6)
  A two-headed ogre zombie (D:9)
  5 iguanas
  3 scorpions
  37 orc wizards
  22 sheep
  8 worker ants
  2 orange rats (D:8)
  An ogre zombie (D:5)
  Terence (D:3)
  A mummy (D:7)
  2 hound skeletons
  3 gnolls (D:6)
  27 green rats
  A shadow imp (D:11)
  32 adders
  3 giant centipedes
  9 giant mites
  An inept feature mimic (D:3)
  A white imp (D:11)
  7 worms
  A scorpion zombie (D:8)
  An adder skeleton (D:6)
  An iguana skeleton (D:10)
  A giant centipede zombie (D:10)
  A grey rat (Orc:2)
  A giant eyeball (D:9)
  7 giant geckos
  An ooze (D:1)
  196 orcs
  3 ball pythons
  A bat skeleton (D:6)
  4 giant cockroaches
  15 goblins
  24 hobgoblins
  17 jackals
  19 kobolds
  14 quokkas
  23 bats
  7 giant newts
  A giant newt skeleton (D:4)
  2 giant spores
  A kobold zombie (D:6)
  4 orc skeletons
  A quokka zombie (D:6)
  18 rats
  55 ballistomycetes
  6 bushes
  13 fungi
  7 plants
  A toadstool (Lair:1)
1046 creatures vanquished.

Vanquished Creatures (others)
  An orc wizard (Orc:3)
  2 orcs (D:11)
  13 giant spores
  2 jackals (D:11)
  5 ballistomycetes (D:11)
  39 fungi
  9 plants
  8 toadstools (Lair:1)
79 creatures vanquished.

Grand Total: 1125 creatures vanquished

Notes
Turn   | Place    | Note
--------------------------------------------------------------
     0 | D:1      | Lilouch, the Mummy Fire Elementalist, began the quest for the Orb.
     0 | D:1      | Reached XP level 1. HP: 13/13 MP: 3/3
   157 | D:1      | Reached skill level 1 in Conjurations
   233 | D:1      | Reached XP level 2. HP: 17/19 MP: 0/4
   804 | D:1      | Reached skill level 3 in Fire Magic
   973 | D:1      | Reached XP level 3. HP: 18/24 MP: 1/6
  2305 | D:3      | Reached XP level 4. HP: 26/30 MP: 4/7
  2538 | D:3      | Noticed a centaur
  2558 | D:3      | Killed a centaur
  2558 | D:3      | Reached XP level 5. HP: 16/35 MP: 1/9
  2571 | D:3      | Reached skill level 4 in Fire Magic
  3188 | D:3      | Noticed Piginabag's ghost (average TeMo)
  3205 | D:3      | Learned a level 3 spell: Conjure Flame
  3535 | D:3      | Killed Piginabag's ghost
  3535 | D:3      | Reached XP level 6. HP: 25/41 MP: 0/11
  3785 | D:3      | Noticed Terence
  3853 | D:3      | Killed Terence
  4421 | D:3      | Learned a level 2 spell: Throw Flame
  4426 | D:3      | Learned a level 4 spell: Sticky Flame
  4556 | D:4      | Reached skill level 5 in Fire Magic
  4798 | D:4      | Reached XP level 7. HP: 46/46 MP: 11/14
  4987 | D:4      | Found a staircase to the Ecumenical Temple.
  4995 | Temple   | Entered the Ecumenical Temple
  5035 | Temple   | Became a worshipper of Vehumet
  5588 | D:5      | Entered Level 5 of the Dungeon
  6803 | D:6      | Reached skill level 6 in Fire Magic
  6922 | D:6      | Acquired Vehumet's first power
  6922 | D:6      | Offered knowledge of Shock by Vehumet.
  6934 | D:6      | Learned a level 1 spell: Shock
  7107 | D:6      | Noticed Grinder
  7107 | D:6      | Reached XP level 8. HP: 41/52 MP: 13/17
  7149 | D:6      | Killed Grinder
  8035 | D:7      | Noticed letownia's ghost (experienced MiWr)
  8230 | D:6      | Reached skill level 1 in Shields
  8964 | D:6      | Reached skill level 7 in Fire Magic
  9257 | D:7      | Reached skill level 5 in Spellcasting
  9257 | D:7      | Reached XP level 9. HP: 39/57 MP: 17/20
  9356 | D:7      | Offered knowledge of Magic Dart by Vehumet.
  9376 | D:7      | Found a staircase to the Orcish Mines.
  9507 | D:7      | Learned a level 5 spell: Fireball
  9874 | D:8      | Found Eramur's Food Shoppe.
  9903 | D:8      | Reached skill level 5 in Conjurations
 10345 | D:8      | Found a staircase to the Lair.
 10668 | Lair:1   | Entered Level 1 of the Lair of Beasts
 10699 | Lair:1   | Offered knowledge of Static Discharge by Vehumet.
 10704 | Lair:1   | Learned a level 3 spell: Static Discharge
 10892 | Lair:1   | Got a transparent scale mail
 10958 | Lair:1   | Found a blossoming altar of Fedhas.
 10997 | Lair:1   | Noticed an oklob plant
 11929 | Lair:1   | Identified the cursed -5 scale mail of the Apprentice {Int+3} (You found it on level 1 of the Lair of Beasts)
 12091 | D:9      | Reached XP level 10. HP: 63/63 MP: 23/23
 12307 | D:9      | Noticed Edmund
 12314 | D:9      | Killed Edmund
 12314 | D:9      | Reached skill level 5 in Shields
 12314 | D:9      | Reached skill level 8 in Fire Magic
 12508 | D:9      | Acquired Vehumet's second power
 12649 | D:9      | Found a bloodstained altar of Trog.
 13225 | D:9      | Noticed Psyche
 14279 | D:10     | Entered Level 10 of the Dungeon
 14317 | D:10     | Noticed a hill giant
 14324 | D:10     | Killed a hill giant
 14484 | D:10     | Offered knowledge of Mephitic Cloud by Vehumet.
 14489 | D:10     | Learned a level 3 spell: Mephitic Cloud
 15248 | D:10     | Noticed a hill giant
 15259 | D:10     | Killed a hill giant
 15481 | D:11     | Noticed a cyclops
 15681 | D:11     | Noticed Grum
 15685 | D:11     | Reached XP level 11. HP: 50/68 MP: 19/25
 15687 | D:11     | Killed Grum
 16106 | D:11     | Acquired Vehumet's third power
 16201 | D:11     | Got a slimy wizard hat
 16218 | D:11     | Identified the cursed +1 wizard hat "Acil" {Acc+5} (You found it on level 11 of the Dungeon)
 16503 | D:11     | Offered knowledge of Lightning Bolt by Vehumet.
 17082 | D:11     | Noticed a hill giant
 17120 | D:11     | Killed a hill giant
 17120 | D:11     | Reached skill level 9 in Fire Magic
 17340 | D:11     | Noticed a hill giant
 17403 | D:11     | Found an ancient bone altar of Kikubaaqudgha.
 17447 | D:11     | Killed a hill giant
 17960 | D:11     | Identified a +1 rod of striking (9/9) (You took it off an orc priest on level 11 of the Dungeon)
 18239 | D:11     | Killed a cyclops
 18627 | D:9      | Killed Psyche
 18798 | Lair:2   | Offered knowledge of Olgreb's Toxic Radiance by Vehumet.
 19519 | Lair:2   | Reached skill level 1 in Fighting
 20313 | Lair:3   | Reached XP level 12. HP: 72/77 MP: 10/28
 20883 | Lair:3   | Got an encrusted leather armour
 21039 | Lair:3   | Learned a level 1 spell: Apportation
 21046 | Lair:3   | Identified the +2 leather armour "Tyatoeqe" {Dex+2 Int-3} (You found it on level 3 of the Lair of Beasts)
 21065 | Lair:3   | Found a staircase to the Swamp.
 21852 | Lair:3   | Reached skill level 10 in Fire Magic
 22181 | Lair:3   | Offered knowledge of Poisonous Cloud by Vehumet.
 22660 | Lair:4   | Reached skill level 5 in Fighting
 22830 | Lair:4   | Reached skill level 1 in Armour
 23756 | Lair:4   | Lilouch: sry need to go, see you later, bye
 23756 | Lair:4   | Upgraded the game from 0.13.0-67-g7ee5eca to 0.13.1
 23830 | Lair:5   | Got a shimmering scythe
 23852 | Lair:5   | Found a dark tunnel.
 23861 | Lair:5   | Found a staircase to the Swamp.
 23865 | Lair:5   | the staircase to the Swamp was a mimic.
 23902 | Lair:5   | Learned a level 2 spell: Swiftness
 23906 | Volcano  | Entered a volcano
 24898 | Lair:5   | Reached skill level 10 in Spellcasting
 25166 | Lair:5   | Identified the +7,+3 scythe of Frueshray {drain, +Blink MR++ Dex+4} (You found it on level 5 of the Lair of Beasts)
 25284 | Lair:5   | Reached XP level 13. HP: 85/87 MP: 8/30
 26422 | Orc:1    | Entered Level 1 of the Orcish Mines
 26422 | Orc:1    | Noticed Erolcha
 26422 | Orc:1    | Noticed Blork the orc
 26431 | Orc:1    | Killed Erolcha
 26431 | Orc:1    | Reached skill level 1 in Air Magic
 26552 | Orc:1    | Killed Blork the orc
 26724 | Orc:1    | Offered knowledge of Bolt of Magma by Vehumet.
 26731 | Orc:1    | Learned a level 5 spell: Bolt of Magma
 27467 | Orc:2    | Found a roughly hewn altar of Beogh.
 27530 | Orc:2    | Noticed Eustachio
 27534 | Orc:2    | Killed Eustachio
 27930 | Orc:1    | Noticed Joseph
 28085 | Orc:1    | Killed Joseph
 28274 | Orc:1    | Found Zakosho's Weapon Shoppe.
 29364 | D:7      | Killed letownia's ghost
 29364 | D:7      | Offered knowledge of Bolt of Fire by Vehumet.
 29802 | Lair:1   | Killed an oklob plant
 31075 | Orc:4    | Entered Level 4 of the Orcish Mines
 31079 | Orc:4    | Found a staircase to the Elven Halls.
 31356 | Orc:4    | Found a roughly hewn altar of Beogh.
 31861 | Orc:4    | Offered knowledge of Bolt of Draining by Vehumet.
 32030 | Orc:4    | Found a roughly hewn altar of Beogh.
 32206 | Orc:4    | Noticed Saint Roka
 32685 | Orc:4    | Found a roughly hewn altar of Beogh.
 32686 | Orc:4    | Found Prodegry's Armour Boutique.
 33233 | Orc:4    | Found a roughly hewn altar of Beogh.
 33233 | Orc:4    | Found Qanig's Armour Shop.
 33472 | Orc:4    | Found a roughly hewn altar of Beogh.
 33767 | Orc:4    | Found a roughly hewn altar of Beogh.
 33767 | Orc:4    | Found Puxtarh Ekobb's Antique Armour Boutique.
 33769 | Orc:4    | Found Qoraf's Antique Weapon Shop.
 33917 | Orc:4    | Found a roughly hewn altar of Beogh.
 34682 | Lair:6   | Found a staircase to the Swamp.
 35935 | Lair:6   | the staircase to the Swamp was a mimic.
 36091 | Lair:6   | Found a staircase to the Snake Pit.
 36529 | Snake:1  | Entered Level 1 of the Snake Pit
 36697 | Lair:7   | Found a viscous altar of Jiyva.
 36697 | Lair:7   | Found a staircase to the Slime Pits.
 36703 | Lair:7   | Offered knowledge of Delayed Fireball by Vehumet.
 37062 | Lair:8   | Entered Level 8 of the Lair of Beasts
 37089 | Lair:7   | Learned a level 7 spell: Delayed Fireball
 37149 | Lair:7   | Reached skill level 5 in Air Magic
 37290 | Lair:8   | Reached skill level 11 in Fire Magic
 37645 | Lair:7   | Reached XP level 14. HP: 75/96 MP: 3/32
 41588 | Lair:8   | Offered knowledge of Poison Arrow by Vehumet.
 44996 | Slime:1  | Entered Level 1 of the Pits of Slime
 45203 | Swamp:1  | Entered Level 1 of the Swamp
 45867 | Snake:1  | Noticed Nikola
 45874 | Snake:1  | Killed from afar by Nikola

Action                   |  1- 3 |  4- 6 |  7- 9 | 10-12 | 13-15 || total
-------------------------+-------+-------+-------+-------+-------++-------
Melee: Falchion          |       |    22 |   338 |   573 |   223 ||  1156
       Dagger            |       |       |    60 |       |       ||    60
       Staff             |       |       |       |     1 |       ||     1
 Fire: Sling             |   104 |   138 |    19 |       |       ||   261
       Crossbow          |       |       |    89 |    72 |       ||   161
       Blowgun           |       |       |     3 |    71 |       ||    74
Throw: Stone             |    44 |     2 |     4 |       |       ||    50
       Dart              |       |     6 |     1 |     2 |       ||     9
       Javelin           |       |     4 |     2 |       |       ||     6
 Cast: Flame Tongue      |    54 |    85 |   251 |   406 |   265 ||  1061
       Conjure Flame     |       |    11 |    31 |    81 |    79 ||   202
       Sticky Flame      |       |       |     4 |    90 |   120 ||   214
       Shock             |       |       |     9 |    43 |   101 ||   153
       Fireball          |       |       |     1 |    89 |   263 ||   353
       Mephitic Cloud    |       |       |       |    19 |    57 ||    76
       Throw Flame       |       |       |       |    13 |    95 ||   108
       Swiftness         |       |       |       |     1 |     9 ||    10
       Static Discharge  |       |       |       |       |     5 ||     5
       Bolt of Magma     |       |       |       |       |    98 ||    98
       Delayed Fireball  |       |       |       |       |     1 ||     1
 Abil: Evoke Flight      |       |       |       |     5 |     9 ||    14
       Stop Flying       |       |       |       |     1 |       ||     1
Evoke: Wand              |       |       |     6 |    13 |     5 ||    24
  Use: Scroll            |       |       |    13 |    10 |    13 ||    36
 Stab: Sleeping          |       |       |       |     1 |       ||     1
       Confused          |       |       |       |       |     2 ||     2
